 Dungeon Crawl Stone Soup version 0.29.1-2-gbd0b4ee654 (webtiles) character file.

Game seed: 17813553831817630716

37307 funnyparkerb the Slicer (level 13, -2/71 HPs)
             Began as a Vine Stalker Brigand on Oct 31, 2022.
             Was a High Priest of Uskayaw.
             Slain by Urug
             ... wielding a +3 battleaxe
              (25 damage)
             ... on level 4 of the Lair of Beasts.
             The game lasted 00:44:35 (15547 turns).

funnyparkerb the Slicer (Vine Stalker Brigand)     Turns: 15547, Time: 00:44:35

Health: -2/71      AC: 13    Str: 19    XL:     13   Next: 95%
Magic:  0/20       EV: 15    Int: 20    God:    Uskayaw [*****.]
Gold:   1028       SH:  5    Dex: 21    Spells: 12/12 levels left

rFire   . . .      SeeInvis .   J - +9 rapier of Patterns {pain, rCorr Int+3}
rCold   . . .      Faith    .   (no shield)
rNeg    . . .      Spirit   +   g - +3 scale mail
rPois   +          Reflect  +   Q - +2 helmet
rElec   .          Harm     .   c - +0 cloak
rCorr   +          Rampage  .   (no gloves)
Will    +....                   (no boots)
Stlth   +++.......              I - amulet "Elukoxy" {Reflect rCorr Str+5 SH+5}
HPRegen 1.01/turn               f - +6 ring of intelligence
MPRegen 0.17/turn               j - ring of poison resistance

@: about to teleport, marked
A: fangs 3, regeneration 1, magic shield, antimagic bite, no potion heal 2
a: Renounce Religion, Stomp, Line Pass, Grand Finale


You were on level 4 of the Lair of Beasts.
You worshipped Uskayaw.
Uskayaw was aware of your devotion.
You visited 3 branches of the dungeon, and saw 17 of its levels.

You collected 1099 gold pieces.
You donated 71 gold pieces to Zin.

Inventory:

Hand Weapons
 t - a +1 dagger of speed
 J - the +9 rapier of Patterns (weapon) {pain, rCorr Int+3}
   (You found it on level 9 of the Dungeon)

   In the hands of one skilled in necromantic magic, it inflicts extra damage on
   living creatures.
   Int:       It affects your intelligence (+3).
   rCorr:     It protects you from acid and corrosion.
Missiles
 d - 44 poisoned darts (quivered)
 e - 5 curare-tipped darts
Armour
 a - a +0 kite shield
 c - a +0 cloak (worn)
 g - a +3 scale mail (worn)
 C - a +0 tower shield
 Q - a +2 helmet (worn)
Jewellery
 f - a +6 ring of intelligence (left hand)
 j - a ring of poison resistance (right hand)
 l - a ring of wizardry
 I - the amulet "Elukoxy" (around neck) {Reflect rCorr Str+5 SH+5}
   (You found it on level 9 of the Dungeon)

   [amulet of reflection]

   It reflects blocked missile attacks.
   Str:       It affects your strength (+5).
   rCorr:     It protects you from acid and corrosion.
   SH:        It affects your SH (+5).
 P - an amulet of faith
Wands
 y - a wand of roots (6)
 F - a wand of flame (18)
 G - a wand of acid (8)
 M - a wand of paralysis (7)
Scrolls
 h - a scroll of poison
 k - 3 scrolls of enchant armour {unknown}
 o - a scroll of torment
 p - 2 scrolls of noise
 q - 3 scrolls of magic mapping {unknown}
 r - 2 scrolls of enchant weapon
 w - a scroll of amnesia
 A - a scroll of silence
 B - 4 scrolls of teleportation
 H - 2 scrolls of identify
 L - a scroll of immolation
 O - a scroll of vulnerability
Potions
 b - a potion of might {unknown}
 m - 5 potions of mutation {unknown}
 n - 5 potions of heal wounds {unknown}
 s - 4 potions of haste {unknown}
 u - 2 potions of degeneration {unknown}
 v - 5 potions of attraction {unknown}
 x - 6 potions of curing
 z - 2 potions of flight {unknown}
 D - 2 potions of brilliance {unknown}
 K - 2 potions of ambrosia {unknown}
 N - a potion of berserk rage


   Skills:
 + Level 9.7 Fighting
 * Level 12.9 Short Blades
 - Level 1.7 Throwing
 + Level 8.7 Dodging
 + Level 7.8 Stealth
 + Level 6.9 Shields
 * Level 9.3 Invocations


You had 12 spell levels left.
You didn't know any spells.
Your spell library contained the following spells:

 Spells                   Type           Power      Damage    Failure   Level
 Apportation              Tloc           0%         N/A       52%         1
 Necrotise                Necr           0%         1d4       52%         1
 Sting                    Tmut/Pois      0%         1d3       52%         1
 Summon Small Mammal      Summ           0%         N/A       52%         1
 Poisonous Vapours        Pois/Air       0%         N/A       67%         2
 Dazzling Flash           Conj/Hex       0%         N/A       88%         3
 Ozocubu's Armour         Ice            0%         N/A       88%         3
 Summon Guardian Golem    Hex/Summ       0%         N/A       88%         3
 Olgreb's Toxic Radiance  Pois           0%         N/A       99%         4
 Summon Ice Beast         Ice/Summ       0%         N/A       99%         4
 Agony                    Necr           0%         N/A       100%        5
 Fireball                 Conj/Fire      0%         3d3       100%        5
 Metabolic Englaciation   Hex/Ice        0%         N/A       100%        5
 Silence                  Hex/Air        0%         N/A       100%        5
 Summon Mana Viper        Hex/Summ       0%         N/A       100%        5
 Simulacrum               Ice/Necr       0%         N/A       100%        6
 Starburst                Conj/Fire      0%         6d3       100%        6
 Monstrous Menagerie      Summ           0%         N/A       100%        7
 Orb of Destruction       Conj           0%         9d5       100%        7
 Spellforged Servitor     Conj/Summ      0%         N/A       100%        7
 Ignition                 Fire           0%         3d3       100%        8


Dungeon Overview and Level Annotations

Branches:
Dungeon (12/15)            Temple (1/1) D:7            Lair (3/5) D:9
  Swamp (0/4) Lair:2       Spider (0/4) Lair:2          Orc (0/2) D:12

Altars:
Ashenzari
Cheibriados
Dithmenos
Elyvilon
Fedhas
Gozag
Hepliaklqana
Kikubaaqudgha
Makhleb
Nemelex Xobeh
Okawaru
Qazlal
Ru
Sif Muna
Trog
Uskayaw
Vehumet
Wu Jian
Xom
Yredelemnul
Zin
The Shining One

Shops:
D:1 [   D:8 ?

Annotations:
Lair:1 1 runed translucent door
Lair:3 exclusion: oklob plant
Lair:4 Urug


Innate Abilities, Weirdness & Mutations

You have razor-sharp teeth.
Your natural rate of healing is unusually fast.
When hurt, damage is shared between your health and your magic reserves.
Your bite disrupts and absorbs the magic of your enemies.
Potions cannot restore your health.


Message History

A hog comes into view.
The swamp drake is no longer paralysed.
The vampire mosquito is no longer paralysed. x3
The vampire mosquito bites you!
The vampire mosquito draws strength from your injuries!
The vampire mosquito bites you!
The vampire mosquito draws strength from your injuries!
The swamp drake breathes poison at you.
The noxious blast engulfs the vampire mosquito but does no damage.
A hog comes into view.
The hog moves out of view.
You see here a vampire mosquito corpse.
You puncture the vampire mosquito!
You destroy the vampire mosquito!
Urug is no longer paralysed.
The vampire mosquito closely misses you.
The vampire mosquito bites you but does no damage.
You puncture the vampire mosquito!
You destroy the vampire mosquito!
A rime drake comes into view.
The vampire mosquito bites you.
The vampire mosquito draws strength from your injuries!
You can now merge with and destroy a victim.
You puncture the vampire mosquito!
You destroy the vampire mosquito!
Urug throws a javelin.
The javelin misses you.
A swamp drake comes into view.
The swamp drake is no longer sharing its pain.
Urug is no longer sharing her pain.
Urug drinks a potion.
Urug goes berserk!
You hit Urug but do no damage. Urug hits you with a +3 battleaxe!!!
* * * LOW HITPOINT WARNING * * *
As you read the scroll of fear, it crumbles to dust.
You assume a fearsome visage.
The swamp drake resists with some effort.
The hog looks frightened!
Urug is unaffected.
The rime drake looks frightened!
You block Urug's attack.
As you read the scroll of teleportation, it crumbles to dust.
You feel strangely unstable. Urug misses you.
Urug hits you with a +3 battleaxe!!
You die...

#... P.. #
...#..
....#
####P...
##....P#
#...o[#
#..@##
####....#
#°##k.###
###.†††##
####...†.##
#...k..P##
##..h.###
#..P.#
#k####


You could see Urug (berserk), a hog and 2 swamp drakes.

Vanquished Creatures
  An ogre mage (D:12)
  2 boulder beetles
  4 hydras
  Erolcha (D:11)
  9 two-headed ogres
  2 death yaks (Lair:1)
  A manticore (D:12)
  A slime creature (D:11)
  An ugly thing (D:11)
  Joseph (D:8)
  5 elephants (Lair:3)
  2 black mambas
  A torpor snail (Lair:1)
  3 gargoyles
  2 unseen horrors
  5 cane toads
  4 komodo dragons
  3 kobold demonologists
  A rime drake (Lair:3)
  4 polar bears
  12 blink frogs
  Prince Ribbit (D:5)
  Grinder (D:3)
  2 shadows
  A vampire (D:12)
  32 yaks
  3 basilisks
  2 wyverns (D:8)
  2 wraiths
  2 redbacks (Lair:2)
  2 steam dragons
  9 vampire mosquitoes
  An acid dragon (D:9)
  6 water moccasins
  7 black bears
  7 orc warriors
  3 ice beasts (D:7)
  2 sky beasts (D:7)
  2 ogres
  4 centaurs
  3 kobold brigands
  9 bullfrogs
  6 scorpions
  9 wights
  A killer bee (D:11)
  8 howler monkeys
  3 electric eels (D:7)
  5 hounds
  2 jellies
  7 orc priests
  A gnoll bouda (D:5)
  Terence (D:2)
  5 iguanas
  17 orc wizards
  8 adders
  5 gnolls
  4 worms
  4 dart slugs
  42 orcs
  5 ball pythons
  5 endoplasms
  7 giant cockroaches
  5 goblins
  6 hobgoblins
  3 jackals (D:2)
  15 kobolds
  5 quokkas
  8 bats
  3 frilled lizards
  4 rats
360 creatures vanquished.

Vanquished Creatures (others)
  10 fungi
  27 plants
  7 toadstools (Lair:1)
44 creatures vanquished.

Grand Total: 404 creatures vanquished

Notes
Turn   | Place    | Note
-------+----------+-------------------------------------------
     0 | D:1      | funnyparkerb the Vine Stalker Brigand began the quest for
                  | the Orb.
     0 | D:1      | Reached XP level 1. HP: 11/11 MP: 2/2
   191 | D:1      | Found Qirch's Armour Shop.
   215 | D:1      | Reached skill level 2 in Short Blades
   223 | D:1      | Reached skill level 1 in Dodging
   259 | D:1      | Reached XP level 2. HP: 15/15 MP: 3/3
   774 | D:1      | Reached XP level 3. HP: 18/18 MP: 4/4
  1215 | D:2      | Gained mutation: Your natural rate of healing is unusually
                  | fast. [Vine Stalker growth]
  1215 | D:2      | Reached XP level 4. HP: 4/23 MP: 3/5
  1216 | D:2      | Reached skill level 3 in Short Blades
  1266 | D:2      | Noticed Terence
  1275 | D:2      | Killed Terence
  1856 | D:3      | Reached XP level 5. HP: 27/27 MP: 6/6
  2382 | D:3      | Noticed Grinder
  2408 | D:3      | Killed Grinder
  2409 | D:3      | Reached skill level 4 in Short Blades
  2409 | D:3      | Reached XP level 6. HP: 26/32 MP: 7/7
  2439 | D:4      | Noticed an orc warrior
  2473 | D:3      | Killed an orc warrior
  2474 | D:3      | Reached XP level 7. HP: 11/36 MP: 2/8
  2675 | D:4      | Reached skill level 5 in Short Blades
  3104 | D:4      | Identified the +3 war axe "Weqinwyu" {spect, rN+++ Will++
                  | Int-4}
  3214 | D:5      | Entered Level 5 of the Dungeon
  3362 | D:5      | Noticed Prince Ribbit
  3385 | D:5      | Killed Prince Ribbit
  3386 | D:5      | Reached skill level 6 in Short Blades
  3386 | D:5      | Gained mutation: You have razor-sharp teeth. [Vine Stalker
                  | growth]
  3386 | D:5      | Reached XP level 8. HP: 42/42 MP: 9/9
  3858 | D:5      | Reached skill level 7 in Short Blades
  3959 | D:5      | Found a hazy altar of Hepliaklqana.
  4262 | D:6      | Reached skill level 8 in Short Blades
  4315 | D:5      | Reached XP level 9. HP: 46/46 MP: 10/10
  4726 | D:6      | Reached skill level 9 in Short Blades
  5219 | D:7      | Found a sacrificial altar of Ru.
  5255 | D:7      | Reached skill level 10 in Short Blades
  5350 | D:7      | Found a staircase to the Ecumenical Temple.
  5359 | Temple   | Entered the Ecumenical Temple
  5359 | Temple   | Found a transporter.
  5359 | Temple   | Found a transporter.
  5361 | Temple   | Found a transporter.
  5361 | Temple   | Found a transporter.
  5917 | D:7      | Reached skill level 5 in Fighting
  5917 | D:7      | Reached skill level 1 in Shields
  6314 | D:7      | Killed an unseen horror
  6315 | D:7      | Reached XP level 10. HP: 25/52 MP: 4/11
  6791 | D:7      | Reached skill level 5 in Dodging
  6871 | D:8      | Found Dekkojai's Magic Scroll Emporium.
  6874 | D:8      | Noticed Joseph
  7527 | D:8      | Killed Joseph
  7588 | D:8      | Found a glowing silver altar of Zin.
  7629 | D:8      | Became a worshipper of Zin the Law-Giver
  7629 | D:8      | Reached * piety under Zin
  7629 | D:8      | Reached ** piety under Zin
  8063 | D:8      | Reached skill level 1 in Invocations
  8740 | D:9      | Reached *** piety under Zin
  8811 | D:9      | Found a glowing golden altar of the Shining One.
  8811 | D:9      | Found a shadowy altar of Dithmenos.
  8856 | D:9      | Found a radiant altar of Vehumet.
  8916 | D:9      | Reached XP level 11. HP: 34/58 MP: 9/13
  8943 | D:9      | Found a flagged portal.
  9222 | D:9      | Found a staircase to the Lair.
  9288 | D:9      | Identified the amulet "Elukoxy" {Reflect rCorr Str+5 SH+5}
  9299 | D:9      | Identified the +9 rapier of Patterns {pain, rCorr Int+3}
  9506 | D:9      | Found an ancient bone altar of Kikubaaqudgha.
  9507 | D:9      | Found a shimmering blue altar of Sif Muna.
  9605 | D:10     | Entered Level 10 of the Dungeon
  9745 | D:10     | Noticed a two-headed ogre
  9799 | D:10     | Reached **** piety under Zin
  9852 | D:10     | Killed a two-headed ogre
  9972 | D:10     | Found a hide-covered altar of Uskayaw.
 10009 | D:10     | Fell from the grace of Zin
 10009 | D:10     | Became a worshipper of Uskayaw the Reveller
 10069 | D:10     | Noticed a two-headed ogre
 10080 | D:10     | Reached * piety under Uskayaw
 10083 | D:10     | Killed a two-headed ogre
 10083 | D:10     | Reached ** piety under Uskayaw
 10522 | D:11     | Noticed Erolcha
 10535 | D:11     | Killed Erolcha
 10683 | D:11     | Noticed a cyan ugly thing
 10695 | D:11     | Killed a cyan ugly thing
 10695 | D:11     | Reached *** piety under Uskayaw
 10740 | D:11     | Reached skill level 5 in Stealth
 10742 | D:11     | Reached **** piety under Uskayaw
 10988 | D:11     | Noticed a four-headed hydra
 10995 | D:11     | Killed a four-headed hydra
 11062 | D:11     | Noticed a soul eater
 11068 | D:11     | Reached skill level 11 in Short Blades
 11068 | D:11     | Reached skill level 5 in Invocations
 11097 | D:11     | Noticed a two-headed ogre
 11107 | D:11     | Killed a two-headed ogre
 11108 | D:11     | Reached XP level 12. HP: 58/65 MP: 16/16
 11299 | D:12     | Reached skill level 5 in Shields
 11300 | D:12     | Noticed an ogre mage
 11300 | D:12     | Noticed a two-headed ogre
 11301 | D:12     | Noticed a two-headed ogre
 11302 | D:12     | Noticed a two-headed ogre
 11302 | D:12     | Noticed a two-headed ogre
 11303 | D:12     | Noticed a two-headed ogre
 11305 | D:12     | Noticed a two-headed ogre
 11315 | D:12     | Reached ***** piety under Uskayaw
 11317 | D:12     | Killed an ogre mage
 11322 | D:12     | Killed a two-headed ogre
 11325 | D:12     | Reached ****** piety under Uskayaw
 11333 | D:12     | Killed a two-headed ogre
 11336 | D:12     | Killed a two-headed ogre
 11341 | D:12     | Killed a two-headed ogre
 11345 | D:12     | Killed a two-headed ogre
 11348 | D:12     | Killed a two-headed ogre
 11938 | D:12     | Noticed a boulder beetle
 11954 | D:12     | Killed a boulder beetle
 12315 | D:12     | Found a staircase to the Orcish Mines.
 12420 | Lair:1   | Entered Level 1 of the Lair of Beasts
 12563 | Lair:1   | Reached skill level 12 in Short Blades
 12634 | Lair:1   | Reached XP level 13. HP: 70/70 MP: 19/19
 13378 | Lair:1   | Noticed a dire elephant
 13398 | Lair:1   | Found a runed translucent door.
 13658 | Lair:2   | Found a hole to the Spider Nest.
 13793 | Lair:2   | Found a staircase to the Swamp.
 15511 | Lair:3   | You fall into a shaft and drop 1 floor!
 15533 | Lair:4   | Noticed Urug
 15547 | Lair:4   | Slain by Urug

Illustrated notes

Levels and vault maps discovered:
D:1:      dpeg_arrival_ternary, layout_loops_corners, serial_shops, shop_statue
D:2:      minmay_general_purpose_star, layout_basic, uniq_terence
D:3:      layout_basic, minmay_increasing_density, uniq_grinder
D:4:      layout_basic
D:5:      layout_rooms, nzn_hepliaklqana_mist_gate, uniq_prince_ribbit1
D:6:      layout_basic, kennysheep_generic_room_16
D:7:      cheibrodos_two_vegetables, layout_loops_corners,
          nicolae_ru_the_path_less_chosen, minmay_temple_entry_purple_smoke,
          serial_bayou_crossing
D:8:      layout_cave_pools, mainiacjoe_overflow_surrounded_room, serial_shops,
          nicolae_shop_trees, uniq_joseph
D:9:      layout_loops_ring, grunt_temple_overflow_magic_moments,
          amethyst_overflow_temple_binary, lair_entry_dummy, enter_bailey_2
D:10:     layout_cave_pools, nicolae_uskayaw_dance_studio
D:11:     layout_small_grid, minmay_three_doors, uniq_erolcha
D:12:     layout_loops_ring, david_orc_4
Temple:   hellmonk_temple_divided_pantheon
Lair:1:   gammafunk_lair_enchanted_lake, layout_hall_layers, st_stairs_11,
          minivault_26, serial_bayou_shore_b, lemuel_fruit_fields
Lair:2:   layout_small_grid, minmay_swamp_entry_reptiles,
          spider_nest_entry_webs, chequers_serial_rivers_small_b, st_stairs_6,
          cheibrodos_lair_lostbears
Lair:3:   layout_hall_layers
Lair:4:   layout_misc_corridors, slime_entry_1, pond, serial_bayou_shore_b,
          uniq_kirke, uniq_urug

Skill      XL: |  1  2  3  4  5  6  7  8  9 10 11 12 13 |
---------------+----------------------------------------+-----
Short Blades   | 2 3 4 6 8 10 11 12 | 12.9
Dodging        | 1 2 3 4 6 7 8 |  8.7
Fighting       | 2 3 4 5 7 8 9 |  9.7
Shields        | 1 3 4 5 6 |  6.9
Invocations    | 2 5 7 9 |  9.3
Stealth        | 5 7 |  7.8
Throwing       | |  1.7

Action                   |  1- 3 |  4- 6 |  7- 9 | 10-12 | 13-15 || total
-------------------------+-------+-------+-------+-------+-------++-------
Melee: Dagger            |   109 |   111 |   567 |   551 |       ||  1338
       Bite              |    25 |    36 |   230 |   365 |   120 ||   776
       Punch             |       |     1 |     9 |    13 |     5 ||    28
       Rapier            |       |       |       |   279 |   306 ||   585
Throw: Dart              |     7 |    18 |    86 |    77 |    11 ||   199
Invok: Line Pass         |       |       |       |     8 |     8 ||    16
Evoke: Wand              |       |       |     1 |    11 |     2 ||    14
  Use: Potion            |     2 |       |       |     1 |       ||     3
       Scroll            |       |       |     6 |     8 |     6 ||    20
 Stab: Sleeping          |     4 |     3 |     2 |     3 |     1 ||    13
       Paralysed         |       |       |       |    16 |    21 ||    37
       Confused          |       |       |       |     1 |     4 ||     5
Armor: Scale mail        |    51 |    38 |   138 |   128 |    79 ||   434
Dodge: Dodged            |    59 |    31 |   146 |   238 |   133 ||   607
Block: Other             |       |       |       |    56 |    48 ||   104
       Reflection        |       |       |       |     4 |       ||     4
